 Dungeon Crawl Stone Soup version 0.28-a0-1227-ga9037bb4c8 (webtiles) character file.

Game seed: 8315123518833822173

1377 bearlyready the Slasher (level 8, -1/51 (62) HPs)
             Began as a Demonspawn Artificer on Dec 22, 2021.
             Slain by a wight (6 damage)
             ... on level 6 of the Dungeon.
             The game lasted 00:08:24 (7842 turns).

bearlyready the Slasher (Demonspawn Artificer)      Turns: 7842, Time: 00:08:25

HP:   -1/51 (62)    AC: 10    Str: 12    XL:     8   Next: 39%
MP:   8/8           EV: 10    Int: 13    God:
Gold: 286           SH:  0    Dex: 20    Spells: 7/7 levels left

rFire   . . .      SeeInvis +   k - +0 double sword (freeze)
rCold   . . .      Faith    .   (no shield)
rNeg    . . .      Spirit   .   w - +0 ring mail
rPois   .          Reflect  .   (no helmet)
rElec   .          Harm     .   m - +0 cloak
rCorr   .          Rampage  .   (no gloves)
Will    .....                   (no boots)
Stlth   +++.......              (no amulet)
HPRegen 0.17/turn               h - ring of see invisible
MPRegen 0.11/turn               q - +4 ring of protection

@: heavily drained, invisible
A: hooves 2, thin skeletal structure 2, ignite blood 1
a: no special abilities


You were on level 6 of the Dungeon.
You visited 1 branch of the dungeon, and saw 6 of its levels.

You collected 286 gold pieces.

Inventory:

Hand Weapons
 f - a +0 dagger
 k - a +0 double sword of freezing (weapon)
 r - a +0 short sword of venom
 v - a +0 hunting sling
Missiles
 g - 27 poisoned darts
 n - 106 stones
 o - 53 sling bullets
 s - 42 bolts
 t - 7 boomerangs
Armour
 b - a +0 leather armour
 m - a +0 cloak (worn)
 w - a +0 ring mail (worn)
Jewellery
 h - a ring of see invisible (left hand)
 q - a +4 ring of protection (right hand)
Wands
 c - a wand of flame (17) (quivered)
 d - a wand of charming (11)
Scrolls
 a - a scroll of vulnerability {unknown}
 j - a scroll of noise
 l - a scroll of holy word
 x - a scroll of fear {unknown}
 y - 2 scrolls of teleportation {unknown}
 B - 3 scrolls of identify
 E - a scroll of immolation {unknown}
Potions
 i - a potion of invisibility
 p - 2 potions of might {unknown}
 u - 2 potions of curing
 z - 2 potions of flight {unknown}
 A - a potion of brilliance {unknown}
 C - a potion of heal wounds {unknown}
 D - a potion of degeneration {unknown}
Miscellaneous
 e - a piece from Xom's chessboard (13/15)


   Skills:
 - Level 5.1 Fighting
 + Level 6.9 Long Blades
 - Level 1.7 Armour
 - Level 0.8 Dodging
 + Level 1.2 Stealth
 - Level 5.3 Evocations


You had 7 spell levels left.
You didn't know any spells.
Your spell library was empty.

Dungeon Overview and Level Annotations

Branches:
Dungeon (6/15)
 Temple: D:4-7

Altars:

Annotations:
D:3 2 transporters


Innate Abilities, Weirdness & Mutations

You have hoof-like feet.
You have a moderately thin skeletal structure. (Dex +4, Stealth++)
Your demonic aura sometimes causes spilled blood to erupt in flames.


Message History

The wight hits you with a +7 spear.
The wight hits you from afar with a +7 spear.
You feel drained.
You make a move on Xom's chessboard...
The sky beast seems to speed up.
You make a move on Xom's chessboard...
The wight resists with significant effort.
The wight hits you but does no damage.
Aiming: Charm
Press: ? - help, Shift-Dir - straight line, f - wight
Aim: a wight, wielding a +7 spear and wearing a +0 robe (moderately damaged, chance to affect: 62%)
The wight resists with significant effort.
The wight hits you from afar with a +7 spear!
* * * LOW HITPOINT WARNING * * *
You feel drained.
* * * LOW HITPOINT WARNING * * *
Okay, then.
You feel better. The wight misses you.
The wight hits you from afar with a +7 spear.
* * * LOW HITPOINT WARNING * * *
You fade into invisibility!
The sky beast flickers out of sight for a moment.
The wight hits you with a +4 dagger of freezing.
* * * LOW HITPOINT WARNING * * *
You feel drained.
* * * LOW HITPOINT WARNING * * *
The wight freezes you.
* * * LOW HITPOINT WARNING * * *
The wight hits you from afar with a +7 spear.
* * * LOW HITPOINT WARNING * * *
The wight hits you but does no damage.
Aiming: Charm
Press: ? - help, Shift-Dir - straight line, f/p - wight
Aim: a wight, wielding a +7 spear and wearing a +0 robe (moderately damaged, chance to affect: 62%)
The wight is charmed.
Aiming: Charm
Press: ? - help, Shift-Dir - straight line, f - sky beast, p - wight
Aim: a sky beast (fast, slightly transparent, chance to affect: 62%)
The sky beast resists with significant effort.
The wight hits you from afar with a +7 spear.
You die...

#####......≈###### #
#.#..###.#.# #.#
#.#.#..###.#)# #.######
#..........#.####......#
####.....##.....#######.#
#........##...z.#
####.####
#.#####..##....z#
#.......# ####..##...Yz#
#.##.##.# #......#...@.#
#.##.##<# #
#.##..######## #....##.#
#.##.##.## #.#####.#
#.......# #.......#
####.#### #.####### #.#
#.# #.####### ######)#
#.......####......#
#######......######


You could see a sky beast (fast, invisible), 2 wights and a friendly wight
(charmed).

Vanquished Creatures
  Menkaure (D:6)
  A water moccasin (D:6)
  2 black bears (D:4)
  A necrophage (D:4)
  2 water moccasin zombies (D:5)
  4 scorpions
  A wight (D:6)
  2 hounds
  An orc priest (D:6)
  Crazy Yiuf (D:2)
  A scorpion zombie (D:3)
  An iguana (D:5)
  2 orc wizards
  A hound zombie (D:5)
  4 hound skeletons
  7 adders
  A howler monkey skeleton (D:4)
  A white imp (D:5)
  2 adder skeletons
  An adder zombie (D:3)
  2 dart slugs
  20 orcs
  12 ball pythons
  9 endoplasms
  3 giant cockroaches
  13 goblins
  5 hobgoblins
  A quokka (D:2)
  4 bats
  A frilled lizard (D:2)
  4 kobolds
  7 rats
118 creatures vanquished.

Vanquished Creatures (others)
  An orc wizard (D:4)
  7 withered plants (D:3)
8 creatures vanquished.

Grand Total: 126 creatures vanquished

Notes
Turn   | Place    | Note
-------+----------+-------------------------------------------
     0 | D:1      | bearlyready the Demonspawn Artificer began the quest for
                  | the Orb.
     0 | D:1      | Reached XP level 1. HP: 15/15 MP: 1/1
   879 | D:1      | Gained mutation: You have large cloven feet. [demonic
                  | ancestry]
   879 | D:1      | Reached XP level 2. HP: 21/22 MP: 2/2
  1622 | D:2      | Found a faded altar of an unknown god.
  2188 | D:2      | Reached XP level 3. HP: 16/28 MP: 3/3
  2338 | D:2      | Found a runed translucent door.
  2339 | D:2      | Noticed Crazy Yiuf
  2346 | D:2      | Killed Crazy Yiuf
  2729 | D:3      | Gained mutation: You have hoof-like feet. [demonic
                  | ancestry]
  2729 | D:3      | Reached XP level 4. HP: 31/35 MP: 4/4
  3039 | D:3      | Found a transporter.
  3643 | D:3      | Gained mutation: You have a somewhat thin skeletal
                  | structure. (Dex +2, Stealth+) [demonic ancestry]
  3643 | D:3      | Reached XP level 5. HP: 42/42 MP: 5/5
  3758 | D:3      | Found a transporter.
  4587 | D:4      | Noticed a black bear
  4821 | D:4      | Reached XP level 6. HP: 49/49 MP: 6/6
  4823 | D:4      | Reached skill level 5 in Evocations
  5080 | D:4      | Reached skill level 5 in Fighting
  5295 | D:4      | Reached skill level 2 in Long Blades
  5616 | D:4      | Reached skill level 3 in Long Blades
  5616 | D:4      | Gained mutation: Your demonic aura sometimes causes spilled
                  | blood to erupt in flames. [demonic ancestry]
  5616 | D:4      | Reached XP level 7. HP: 56/56 MP: 7/7
  6345 | D:5      | Entered Level 5 of the Dungeon
  6638 | D:5      | Reached skill level 4 in Long Blades
  6972 | D:5      | Found Tyteplug's Self-Improvement Boutique.
  6985 | D:5      | Reached skill level 5 in Long Blades
  7077 | D:5      | Gained mutation: You have a moderately thin skeletal
                  | structure. (Dex +4, Stealth++) [demonic ancestry]
  7077 | D:5      | Reached XP level 8. HP: 57/62 MP: 8/8
  7587 | D:6      | Noticed Menkaure
  7590 | D:6      | Killed Menkaure
  7591 | D:6      | Reached skill level 6 in Long Blades
  7827 | D:6      | Reached skill level 1 in Stealth
  7842 | D:6      | Slain by a wight

Illustrated notes

Levels and vault maps discovered:
D:1:      dpeg_arrival_tiny_h, layout_basic
D:2:      layout_basic, shapermc_ecumenical_altar_venn, uniq_crazy_yiuf_cottage
D:3:      gammafunk_steamed_eel, layout_basic, serial_undead, serial_undead_e,
          serial_undead_b, serial_undead_e, serial_undead_c, minmay_hedge_maze,
          minmay_pentomino_pile
D:4:      layout_layer_cave, portal_sewer_entry_a, corexii_checkpoint_a,
          minmay_increasing_density
D:5:      layout_basic, nicolae_shop_self_help
D:6:      kennysheep_six_static_rooms, layout_loops_cross, minmay_checkerbox,
          uniq_menkaure

Skill      XL: |  1  2  3  4  5  6  7  8 |
---------------+-------------------------+-----
Fighting       | 2 3 4 5 |  5.1
Evocations     | 4 5 |  5.3
Long Blades    | 3 5 6 |  6.9
Stealth        | 1 |  1.2
Armour         | |  1.7
Dodging        | |  0.8

Action                   |  1- 3 |  4- 6 |  7- 9 || total
-------------------------+-------+-------+-------++-------
Melee: Unarmed           |    54 |       |       ||    54
       Dagger            |    60 |    89 |       ||   149
       Kick              |    21 |    66 |    36 ||   123
       Short sword       |       |    57 |       ||    57
       Double sword      |       |    24 |   103 ||   127
Evoke: Piece from Xom's  |     8 |     2 |     5 ||    15
       Wand              |     2 |     8 |     4 ||    14
  Use: Scroll            |       |     3 |     1 ||     4
       Potion            |       |     1 |     2 ||     3
 Stab: Sleeping          |     1 |     1 |     5 ||     7
       Petrifying        |     1 |       |       ||     1
       Paralysed         |     3 |       |       ||     3
       Petrified         |       |    11 |       ||    11
       Confused          |       |       |     2 ||     2
Armor: Leather armour    |    31 |    48 |     6 ||    85
       Ring mail         |       |       |    44 ||    44
Dodge: Dodged            |    47 |    89 |    53 ||   189

Table legend: (Time is in decaauts)
 A = Elapsed time spent in this place.
 B = Non-inter-level travel time spent in this place.
 C = Inter-level travel time spent in this place.
 D = Time resting spent in this place.
 E = Time spent auto-exploring this place.
 F = Levels seen in this place.
 G = Mean time per level.
                   A        B        C        D        E       F      G
               +--------+--------+--------+--------+--------+-----+--------+
         Total |   7886 |   7555 |    331 |    740 |   5674 |   6 | 1314.3 |
       Dungeon |   7886 |   7555 |    331 |    740 |   5674 |   6 | 1314.3 |
               +--------+--------+--------+--------+--------+-----+--------+

Top non-repeatable levels by time:
     D:3: 2397 daAuts
     D:1: 1460 daAuts
     D:4: 1448 daAuts
     D:5: 1258 daAuts
     D:2: 1061 daAuts
     D:6: 260 daAuts
